 Dungeon Crawl Stone Soup version 0.25-a0-2-g6559c6c67a (webtiles) character file.

Game seed: 7317961685435847512, levelgen mode: deterministic

4881 Froggeryz the Basher (level 10, 0/66 HPs)
             Began as a Kobold Chaos Knight on Oct 14, 2019.
             Was a Plaything of Xom.
             Slain by a troll (11 damage)
             ... on level 9 of the Dungeon.
             The game lasted 00:20:53 (7225 turns).

Froggeryz the Basher (Kobold Chaos Knight)          Turns: 7225, Time: 00:20:54

Health: 0/66       AC: 13    Str: 13    XL:     10   Next: 79%
Magic:  9/9        EV: 21    Int: 13    God:    Xom [*.....]
Gold:   244        SH:  0    Dex: 19    Spells: 9/9 levels left

rFire    + . .     SeeInvis +   a - +0 mace (chaos)
rCold    . . .     Gourm    .   (shield restricted)
rNeg     . . .     Faith    .   b - +3 leather armour
rPois    .         Spirit   .   (helmet restricted)
rElec    +         Reflect  .   e - +0 cloak
rCorr    +         Harm     .   (no gloves)
MR       ++...                  g - +0 pair of boots
Stlth    +.........             (no amulet)
HPRegen  0.21/turn              B - ring "Kioc" {MR+ Slay+1}
MPRegen  0.11/turn              E - ring of resist corrosion

@: no status effects
A: small, hooves 1, horns 1, iridescent scales 1, thin metallic scales 1, see
invisible, agile 1, blink, carnivore, fire resistance 1, low mp 1, magic
resistance 1, robust 1, shaggy fur 1, electricity resistance, strong 1
a: Blink, Renounce Religion


You were on level 9 of the Dungeon.
You worshipped Xom.
You were a special plaything of Xom.
You were completely stuffed.

You visited 1 branch of the dungeon, and saw 9 of its levels.
You also visited: Ossuary.

You collected 523 gold pieces.
You spent 279 gold pieces at shops.

Inventory:

Hand Weapons
 a - a +0 mace of chaos (weapon)
 f - a +2 falchion of electrocution
 i - a +2 hunting sling of freezing
 l - a +0 whip
 F - the cursed +3 trident of Saneunki {drain, *Corrode Dex+9}
   (You found it on level 7 of the Dungeon)

   A truly terrible weapon, it drains the life of those it strikes.
   It affects your dexterity (+9).
   It may corrode you when you take damage.
   It has a curse placed upon it.
 H - the cursed +1 hand axe of the Endless March {venom, *Slow rPois Str+3, unknown}
   (You found it on level 8 of the Dungeon)

   It poisons the flesh of those it strikes.
   It affects your strength (+3).
   It protects you from poison.
   It may slow you when you take damage.
   It has a curse placed upon it.
Missiles
 m - 32 poisoned darts (quivered)
 p - 36 sling bullets
 v - 6 atropa-tipped darts
Armour
 b - a +3 leather armour (worn)
 e - a +0 cloak (worn)
 g - a +0 pair of boots (worn)
 j - a +1 helmet
 A - a +0 buckler
 D - a cursed +0 helmet
Magical Staves
 M - an uncursed staff of fire
Jewellery
 B - the ring "Kioc" (left hand) {MR+ Slay+1}
   (You bought it in a shop on level 5 of the Dungeon)

   [ring of slaying]

   It affects your accuracy and damage with ranged weapons and melee attacks
   (+1).
   It affects your resistance to hostile enchantments.
 E - a ring of resist corrosion (right hand)
Wands
 s - a wand of random effects (6)
 t - a wand of polymorph (12)
 z - a wand of iceblast (7)
Scrolls
 d - a scroll of teleportation
 h - 2 scrolls of enchant armour
 k - 3 scrolls of remove curse {unknown}
 n - 2 scrolls of enchant weapon {unknown}
 o - a scroll of magic mapping {unknown}
 q - a scroll of random uselessness {unknown}
 r - 2 scrolls of fear
 y - a scroll of amnesia
 I - a scroll of identify
 J - a scroll of fog {unknown}
Potions
 u - 4 potions of curing
 w - 2 potions of haste
 x - 2 potions of agility
 C - a potion of brilliance
 G - a potion of flight
 K - 2 potions of lignification
Comestibles
 c - 13 rations
 L - a chunk of flesh


   Skills:
 + Level 5.9 Fighting
 - Level 12.0 Maces & Flails
 - Level 0.7 Armour
 * Level 8.1 Dodging


You had 9 spell levels left.
You didn't know any spells.
Your spell library contained the following spells:

 Spells                   Type           Power        Failure   Level  Hunger
 Beastly Appendage        Tmut           #.....       36%         1    ##.....
 Magic Dart               Conj           #...         36%         1    ##.....
 Searing Ray              Conj           #.....       52%         2    ###....
 Sticks to Snakes         Tmut           #.......     52%         2    ###....
 Dazzling Spray           Conj/Hex       #.....       75%         3    ####...
 Spider Form              Tmut/Pois      #.........   75%         3    ####...
 Force Lance              Conj/Tloc      #.......     98%         4    #####..
 Fulminant Prism          Conj/Hex       #.........   98%         4    #####..
 Ice Form                 Ice/Tmut       #.......     98%         4    #####..
 Iskenderun's Mystic Bla  Conj           #.......     98%         4    #####..
 Blade Hands              Tmut           #.........   100%        5    ######.


Dungeon Overview and Level Annotations

Branches:
Dungeon (9/15)             Temple (0/1) D:5         Ossuary (visited)
   Lair: D:8-11         Orc: D:9-12

Altars:
Gozag
Kikubaaqudgha
Makhleb
Uskayaw
Vehumet
Wu Jian
Xom
Yredelemnul
Zin
Lugonu

Shops:
D:5 ==[   D:6 *   D:9 (

Annotations:
D:7 1 transporter


Innate Abilities, Weirdness & Mutations

You are small and have problems with some larger weapons.
You are carnivorous and can eat meat at any time.
You have large cloven feet.
You have a pair of small horns on your head.
You are partially covered in iridescent scales. (AC +2)
You are partially covered in thin metallic scales. (AC +2)
You have supernaturally acute eyesight. (SInv)
You are agile. (Dex +2)
You can translocate small distances at will.
Your flesh is heat resistant. (rF+)
Your magical capacity is low. (-10% MP)
You are resistant to hostile enchantments. (MR+)
You are robust. (+10% HP)
You are covered in fur. (AC +1)
You are resistant to electric shocks. (rElec)
Your muscles are strong. (Str +2)


Message History

The troll is heavily wounded.
The troll bites you! The troll closely misses you. The troll misses you.
You barely miss the troll. Your headbutt misses the troll.
The troll is heavily wounded.
Xom's power touches on a nearby monster.
The troll seems to grow stronger.
The troll bites you! The troll misses you. The troll closely misses you.
Okay, then.
Press: ? - help, v - describe, . - travel
Here: a troll (heavily wounded, berserk, fast, unusually strong, poisoned)
The floor.
Unknown command.
As you read the scroll of fear, it crumbles to dust.
You assume a fearsome visage.
The troll bites you!
* * * LOW HITPOINT WARNING * * *
The troll completely misses you. The troll claws you.
* * * LOW HITPOINT WARNING * * *
The troll misses you. The troll claws you!
You die...
Xom thinks this is hilarious!

##.#....# #.......# ##...#..#
#)..##... ###### #######....##..
#.....## ###..#..........#
#......# ###.........####.##
#......### ##..T.......##..#..#
#........####..@.......##.......
#..........#..(<.....÷..†.......
##....................###....#..
#...........(........## #..#_###
##........##(.....###.# #..#..#.
.......)†...##....###.#####....#.
...#.......>...[####...##....###.
#.###....(.....######.##.....# #.
...#..............###...#....####


You could see a troll (berserk).

Vanquished Creatures
  A water nymph (D:7)
  Grinder (D:3)
  A slime creature (D:7)
  6 yaks (D:9)
  A human (D:8)
  Edmund (D:5)
  Duvessa (D:6)
  A black bear (D:8)
  2 ice beasts
  A phantom (D:6)
  3 necrophages
  3 ogres
  2 centaurs (D:8)
  A crocodile (D:8)
  A big kobold (D:7)
  Blork the orc (D:6)
  2 bullfrogs (D:7)
  3 scorpions (Ossuary)
  8 killer bees
  A howler monkey (D:7)
  A crimson imp (D:6)
  A quasit (D:8)
  2 bullfrog zombies (D:9)
  2 centaur zombies (Ossuary)
  3 hounds
  A human zombie (Ossuary)
  2 orc priests
  4 iguanas
  3 orc wizards
  3 worker ants
  3 big kobold zombies (Ossuary)
  A hound zombie (D:9)
  A hound skeleton (D:8)
  A worker ant zombie (D:9)
  Robin (D:3)
  8 adders
  4 gnolls
  A howler monkey skeleton (D:4)
  6 scorpion zombies (Ossuary)
  3 shadow imps
  An ooze (D:2)
  2 worms
  2 dart slugs (D:2)
  5 leopard geckos
  12 orcs
  3 giant cockroaches
  15 goblins
  4 hobgoblins
  15 jackals
  14 kobolds
  2 quokkas
  3 ball pythons
  7 bats
  9 frilled lizards
  An orc zombie (Ossuary)
  3 quokka skeletons
  5 rats
195 creatures vanquished.

Vanquished Creatures (collateral kills)
  A bullfrog (D:6)
  Dowan (D:6)
  An orc priest (D:3)
  An orc (D:3)
4 creatures vanquished.

Vanquished Creatures (others)
  A worker ant (D:4)
  A rat (D:2)
2 creatures vanquished.

Grand Total: 201 creatures vanquished

Notes
Turn   | Place    | Note
-------+----------+-------------------------------------------
     0 | D:1      | Froggeryz the Kobold Chaos Knight began the quest for the
                  | Orb.
     0 | D:1      | Reached XP level 1. HP: 14/14 MP: 1/1
    30 | D:1      | XOM: potion effect (might)
    34 | D:1      | XOM: confusion
    42 | D:1      | Reached skill level 3 in Maces & Flails
    44 | D:1      | Reached XP level 2. HP: 18/19 MP: 2/2
   176 | D:1      | XOM: give mutation
   176 | D:1      | Gained mutation: You are weak. (Str -2) [Xom's mischief]
   273 | D:1      | XOM: 1-stop teleportation journey
   304 | D:1      | Reached XP level 3. HP: 19/23 MP: 3/3
   716 | D:2      | Reached skill level 4 in Maces & Flails
   775 | D:2      | Reached XP level 4. HP: 28/28 MP: 4/4
   786 | D:2      | XOM: summons 2 hostile demons
   787 | D:2      | Noticed a smoke demon
  1321 | D:2      | XOM: harmless Air miscast
  1398 | D:2      | XOM: summons 2 hostile demons
  1437 | D:2      | XOM: harmless Necr miscast
  1442 | D:2      | XOM: silly message
  1451 | D:2      | XOM: give mutations
  1451 | D:2      | Gained mutation: You are frail. (-10% HP) [Xom's mischief]
  1451 | D:2      | Gained mutation: You are very weak. (Str -4) [Xom's
                  | mischief]
  1451 | D:2      | Gained mutation: Scrolls take you a little longer to read.
                  | [Xom's mischief]
  1451 | D:2      | Gained mutation: You expend magic power (3 MP) to
                  | strengthen your wands. [Xom's mischief]
  1468 | D:3      | Noticed Robin
  1469 | D:3      | Lost mutation: You are very weak. (Str -4) [potion of
                  | mutation]
  1469 | D:3      | Lost mutation: Scrolls take you a little longer to read.
                  | [potion of mutation]
  1469 | D:3      | Gained mutation: Potions are less effective at restoring
                  | your health. [potion of mutation]
  1469 | D:3      | Gained mutation: You are resistant to electric shocks.
                  | (rElec) [potion of mutation]
  1469 | D:3      | Gained mutation: You are partially covered in thin metallic
                  | scales. (AC +2) [potion of mutation]
  1478 | D:3      | Lost mutation: You are weak. (Str -2) [potion of mutation]
  1478 | D:3      | Lost mutation: You expend magic power (3 MP) to strengthen
                  | your wands. [potion of mutation]
  1478 | D:3      | Lost mutation: Potions are less effective at restoring your
                  | health. [potion of mutation]
  1478 | D:3      | Lost mutation: You are frail. (-10% HP) [potion of
                  | mutation]
  1478 | D:3      | Gained mutation: You are partially covered in iridescent
                  | scales. (AC +2) [potion of mutation]
  1478 | D:3      | Lost mutation: You are partially covered in iridescent
                  | scales. (AC +2) [potion of mutation]
  1478 | D:3      | Gained mutation: You are clumsy. (Dex -2) [potion of
                  | mutation]
  1478 | D:3      | Gained mutation: You are covered in fur. (AC +1) [potion of
                  | mutation]
  1496 | D:3      | Killed Robin
  1496 | D:3      | Reached XP level 5. HP: 27/32 MP: 5/5
  1550 | D:3      | Found a faded altar of an unknown god.
  1685 | D:3      | Reached skill level 5 in Maces & Flails
  1761 | D:3      | Found an ornate altar of the Wu Jian Council.
  1829 | D:3      | Noticed Grinder
  1831 | D:3      | XOM: mild Hex miscast
  1878 | D:3      | XOM: summons 2 hostile demons
  1879 | D:3      | Noticed a chaos spawn
  2004 | D:3      | XOM: confuse monster(s)
  2008 | D:3      | XOM: swap monsters
  2020 | D:3      | Killed Grinder
  2020 | D:3      | Reached skill level 6 in Maces & Flails
  2020 | D:3      | Reached XP level 6. HP: 31/37 MP: 6/6
  2036 | D:3      | XOM: give mutations
  2036 | D:3      | Gained mutation: Your body sometimes deteriorates upon
                  | taking damage. [Xom's mischief]
  2036 | D:3      | Lost mutation: You are clumsy. (Dex -2) [Xom's mischief]
  2036 | D:3      | Lost mutation: Your body sometimes deteriorates upon taking
                  | damage. [Xom's mischief]
  2096 | D:3      | XOM: give mutations
  2096 | D:3      | Gained mutation: You are partially covered in iridescent
                  | scales. (AC +2) [Xom's mischief]
  2096 | D:3      | Gained mutation: Your flesh is heat resistant. (rF+) [Xom's
                  | mischief]
  2096 | D:3      | Gained mutation: Your magical capacity is low. (-10% MP)
                  | [Xom's mischief]
  2118 | D:3      | Found a burning altar of Makhleb.
  2268 | D:4      | Reached XP level 7. HP: 32/41 MP: 6/6
  2311 | D:4      | Found an ancient bone altar of Kikubaaqudgha.
  2576 | D:5      | Entered Level 5 of the Dungeon
  2582 | D:5      | XOM: noise
  2649 | D:5      | Found a staircase to the Ecumenical Temple.
  2715 | D:5      | Reached skill level 7 in Maces & Flails
  2798 | D:5      | Found Zump's Armour Shop.
  2952 | D:5      | Noticed Edmund
  2976 | D:5      | Killed Edmund
  2979 | D:5      | Found a sand-covered staircase.
  2986 | Ossuary  | Entered an ossuary
  3063 | Ossuary  | XOM: harmless Chrm miscast
  3179 | Ossuary  | XOM: cleaving
  3181 | Ossuary  | Reached skill level 8 in Maces & Flails
  3181 | Ossuary  | Reached XP level 8. HP: 35/46 MP: 7/7
  3185 | Ossuary  | XOM: enchant monster (good)
  3299 | Ossuary  | XOM: scenery: 1 doors close
  3387 | Ossuary  | XOM: harmless Air miscast
  3414 | Ossuary  | Noticed a shapeshifter
  3414 | Ossuary  | a scorpion changed into a shapeshifter
  3414 | Ossuary  | Noticed a jumping spider
  3414 | Ossuary  | a shapeshifter changed into a jumping spider
  3417 | Ossuary  | XOM: confuse monster(s)
  3420 | Ossuary  | a jumping spider changed into an eye of draining
  3424 | Ossuary  | Noticed a komodo dragon
  3424 | Ossuary  | an eye of draining changed into a komodo dragon
  3446 | Ossuary  | Noticed a salamander
  3510 | Ossuary  | XOM: medium Air miscast
  3844 | D:5      | Found Kanesiun's Jewellery Shop.
  3848 | D:5      | Bought the ring "Kioc" {MR+ Slay+1} for 279 gold pieces
  3861 | D:5      | Found Xyryet's Jewellery Shop.
  3927 | D:5      | XOM: noise
  4016 | D:5      | XOM: give mutations
  4016 | D:5      | Gained mutation: You are robust. (+10% HP) [Xom's grace]
  4016 | D:5      | Gained mutation: You have a pair of small horns on your
                  | head. [Xom's grace]
  4016 | D:5      | Gained mutation: You are agile. (Dex +2) [Xom's grace]
  4016 | D:5      | Gained mutation: You have supernaturally acute eyesight.
                  | (SInv) [Xom's grace]
  4230 | D:4      | Reached skill level 9 in Maces & Flails
  4390 | D:6      | Noticed Blork the orc
  4397 | D:6      | XOM: summons 2 friendly demons
  4405 | D:6      | Killed Blork the orc
  4496 | D:6      | Noticed Dowan
  4497 | D:6      | Noticed Duvessa
  4509 | D:6      | XOM: summons friendly ice devil
  4512 | D:6      | Killed Dowan
  4513 | D:6      | Killed Duvessa
  4513 | D:6      | Reached XP level 9. HP: 41/56 MP: 8/8
  4516 | D:6      | Reached skill level 10 in Maces & Flails
  4532 | D:6      | XOM: harmless Chrm miscast
  4698 | D:6      | XOM: harmless Erth miscast
  4704 | D:6      | XOM: god gift: robe {god gift}
  4716 | D:6      | Found a basalt altar of Yredelemnul.
  4751 | D:6      | Found an opulent altar of Gozag.
  4751 | D:6      | Found a glowing silver altar of Zin.
  4771 | D:6      | XOM: 1-stop teleportation journey
  4776 | D:6      | XOM: swap monsters
  4803 | D:6      | Found Wopecojy's General Store.
  4976 | D:7      | Noticed a slime creature
  4976 | D:7      | Noticed a slime creature
  4976 | D:7      | Noticed a slime creature
  4976 | D:7      | Noticed a slime creature
  5011 | D:7      | Found a hide-covered altar of Uskayaw.
  5347 | D:7      | XOM: give mutations
  5347 | D:7      | Gained mutation: You have large cloven feet. [Xom's grace]
  5347 | D:7      | Gained mutation: Your muscles are strong. (Str +2) [Xom's
                  | grace]
  5347 | D:7      | Gained mutation: You are resistant to hostile enchantments.
                  | (MR+) [Xom's grace]
  5347 | D:7      | Gained mutation: You can translocate small distances at
                  | will. [Xom's grace]
  5356 | D:7      | Noticed a shock serpent
  5356 | D:7      | a slime creature changed into a shock serpent
  5356 | D:7      | Noticed a glowing shapeshifter
  5356 | D:7      | a slime creature changed into a glowing shapeshifter
  5356 | D:7      | XOM: polymorph large slime creature -> glowing shapeshifter
  5357 | D:7      | Noticed an eye of devastation
  5357 | D:7      | a glowing shapeshifter changed into an eye of devastation
  5358 | D:7      | XOM: confuse monster(s)
  5358 | D:7      | Noticed a shining eye
  5358 | D:7      | an eye of devastation changed into a shining eye
  5398 | D:7      | XOM: polymorph killer bee -> adder
  5403 | D:7      | XOM: polymorph killer bee -> howler monkey
  5404 | D:7      | XOM: cleaving
  5405 | D:7      | Reached skill level 11 in Maces & Flails
  5431 | D:7      | Found a transporter.
  5452 | D:7      | Noticed a red ugly thing
  5457 | D:7      | Noticed a purple ugly thing
  5458 | D:7      | Found a corrupted altar of Lugonu.
  5458 | D:7      | Noticed a brown ugly thing
  5460 | D:7      | Noticed an ancient zyme
  5478 | D:7      | Got a bloodstained trident
  5623 | D:7      | Noticed a water nymph
  5623 | D:7      | a slime creature changed into a water nymph
  5623 | D:7      | XOM: polymorph slime creature -> water nymph
  5635 | D:7      | Killed a water nymph
  5718 | D:7      | XOM: god gift: 21 stones
  5731 | D:7      | XOM: divination: detect items
  5734 | D:7      | Noticed a slime creature
  5735 | D:7      | Killed a slime creature
  5735 | D:7      | Noticed a slime creature
  5744 | D:7      | XOM: harmless Tloc miscast
  5746 | D:7      | XOM: potion effect (brilliance)
  5754 | D:7      | XOM: potion effect (might)
  5767 | D:8      | XOM: divination: magic mapping
  5831 | D:8      | Reached skill level 12 in Maces & Flails
  5831 | D:8      | Reached XP level 10. HP: 55/61 MP: 9/9
  6228 | D:8      | Got a twisted hand axe
  6229 | D:8      | Identified the cursed +3 trident of Saneunki {drain,
                  | *Corrode Dex+9} (You found it on level 7 of the Dungeon)
  6252 | D:8      | XOM: harmless Necr miscast
  6253 | D:8      | Reached skill level 5 in Dodging
  6761 | D:8      | XOM: harmless Conj miscast
  6900 | D:9      | Found Ceygile's Weapon Shop.
  6982 | D:9      | XOM: harmless Fire miscast
  6990 | D:9      | XOM: potion effect (agility)
  6997 | D:9      | Reached skill level 5 in Fighting
  7011 | D:9      | XOM: scenery: create altars
  7034 | D:9      | XOM: blink monster(s)
  7153 | D:9      | Found a radiant altar of Vehumet.
  7179 | D:9      | Noticed a two-headed ogre
  7182 | D:9      | XOM: 1-stop teleportation journey
  7220 | D:9      | XOM: swap monsters
  7224 | D:9      | XOM: enchant monster (bad)
  7225 | D:9      | Slain by a troll

Levels and vault maps discovered:
D:1:      minmay_arrival_cross, layout_loops_ring, minmay_misc_feat_iff,
          glass_columns_a
D:2:      layout_rooms, hangedman_decor_opposing, kennysheep_generic_room_3
D:3:      layout_basic, overflow_temple_1_default,
          chequers_ecumenical_altar_twisty, lemuel_tele_altar, uniq_grinder,
          uniq_robin
D:4:      layout_basic, kiku_gazebo_pond_becter, first_ration,
          minmay_divided_ellipse
D:5:      layout_loops_ring, minmay_temple_entry_gardened_gates,
          chequers_ossuary_entry_cave, serial_shops, shop, shop, shop,
          uniq_edmund
D:6:      layout_rooms, nicolae_overflow_crystal_walls,
          grunt_temple_overflow_gold_and_silver, serial_shops, shop_statue,
          eino_small_chamber_without_monster, uniq_blork_the_orc, uniq_duvessa
D:7:      gammafunk_corrupted_shrine, layout_loops_ring, old_standard_altar
D:8:      layout_basic, grunt_pizzeria, minmay_starry_boxes
D:9:      layout_cave_pools, vehumet_crystals, serial_undead, serial_undead_a,
          serial_undead_a, serial_undead_c, serial_undead_a, serial_shops,
          nicolae_shop_competitors_out_of_business

Skill      XL: |  1  2  3  4  5  6  7  8  9 10 |
---------------+-------------------------------+-----
Maces & Flails | 3 4 6 8 9 12 | 12.0
Dodging        | 8 |  8.1
Fighting       | 5 |  5.9
Armour         | |  0.7

Action                   |  1- 3 |  4- 6 |  7- 9 | 10-12 || total
-------------------------+-------+-------+-------+-------++-------
Melee: Mace              |   104 |   169 |   426 |   210 ||   909
       Headbutt          |       |       |    55 |    56 ||   111
       Kick              |       |       |    26 |    34 ||    60
Throw: Dart              |       |     2 |       |     9 ||    11
Evoke: Wand              |       |       |    16 |       ||    16
  Use: Scroll            |     1 |     3 |     1 |    10 ||    15
       Potion            |       |     7 |     3 |       ||    10
 Stab: Paralysed         |     3 |       |     4 |     3 ||    10
       Sleeping          |     1 |       |     1 |       ||     2
       Confused          |       |     1 |     4 |       ||     5
       Petrifying        |       |       |     2 |     1 ||     3
       Petrified         |       |       |     1 |       ||     1
  Eat: Chunk             |     8 |     4 |    12 |     6 ||    30
Armor: Leather armour    |    45 |    79 |   146 |    43 ||   313
Dodge: Dodged            |   103 |   164 |   318 |   167 ||   752

Table legend:
 A = Non-vault XP
 B = Vault XP
 C = Vault XP percentage of total XP
 D = Non-vault monster count
 E = Vault monster count
 F = Vault count percentage of total count
                 A         B        C        D         E       F
            +---------+---------+-------+---------+---------+-------
      Total |    4816 |    2158 |  30.9 |     149 |      52 |  25.9
            +---------+---------+-------+---------+---------+-------
        D:1 |      42 |       0 |   0.0 |      25 |       0 |   0.0
        D:2 |      74 |       0 |   0.0 |      24 |       0 |   0.0
        D:3 |      87 |     264 |  75.2 |      24 |      12 |  33.3
        D:4 |     132 |     110 |  45.5 |      11 |       9 |  45.0
        D:5 |     211 |     169 |  44.5 |       5 |       1 |  16.7
        D:6 |     487 |     273 |  35.9 |       8 |       3 |  27.3
        D:7 |    1443 |       0 |   0.0 |      21 |       0 |   0.0
        D:8 |     936 |     545 |  36.8 |      19 |       6 |  24.0
        D:9 |    1404 |     331 |  19.1 |      12 |       5 |  29.4
    Ossuary |       0 |     466 | 100.0 |       0 |      16 | 100.0
            +---------+---------+-------+---------+---------+-------
